 Dungeon Crawl Stone Soup version 0.31-a0-7-g51783674b7 (webtiles) character file.

Game seed: 9244486830213073401

44 scionoferis the Grasshopper (level 3, -1/33 HPs)
             Began as a Naga Warper on May 5, 2023.
             Slain by a river rat (2 damage)
             ... on level 3 of the Dungeon.
             The game lasted 00:04:44 (2035 turns).

scionoferis the Grasshopper (Naga Warper)           Turns: 2035, Time: 00:04:44

Health: -1/33      AC:  2    Str: 15    XL:     3   Next: 60%
Magic:  6/6        EV:  9    Int: 13    God:
Gold:   85         SH:  5    Dex: 10    Spells: 6/6 levels left

rFire   . . .        a - +0 spear
rCold   . . .        (no shield)
rNeg    . . .        b - +0 leather armour
rPois   +            (no helmet)
rElec   .            (no cloak)
rCorr   .            (no gloves)
SInv    +            (no barding)
Will    .....        f - amulet of reflection
Stlth   ++           (no ring)
HPRegen 0.25/turn    (no ring)
MPRegen 0.10/turn

%: reflection
@: very slow
A: AC +1, large, see invisible, deformed body, poison resistance, slowness 2,
spit poison 1, naga tail 1
a: Spit Poison


You were on level 3 of the Dungeon.
You visited 1 branch of the dungeon, and saw 3 of its levels.

You collected 85 gold pieces.


Innate Abilities, Weirdness & Mutations

Your serpentine skin is tough. (AC +1)
You have supernaturally acute eyesight. (SInv)
Armour fits poorly on your strangely shaped body.
Your system is resistant to poisons. (rPois)
You cover ground very slowly.
You can spit poison.
You have a snake-like lower body.


   Skills:
 + Level 2.5 Fighting
 * Level 3.0 Polearms
 - Level 0.8 Throwing
 - Level 0.7 Armour
 - Level 1.5 Dodging
 + Level 2.4 Stealth
 - Level 2.0 Spellcasting
 - Level 3.0 Translocations


You had 6 spell levels left.
You didn't know any spells.
Your spell library contained the following spells:

 Spells                   Type           Power      Damage    Failure   Level
 Blink                    Tloc           18%        N/A       14%         2
 Lesser Beckoning         Tloc           18%        N/A       14%         2
 Momentum Strike          Conj/Tloc      10%        3d8       26%         2
 Teleport Other           Tloc           9%         N/A       26%         3
 Kiss of Death            Conj/Necr      4%         2d5       30%         1
 Necrotise                Necr           4%         1d4       30%         1
 Vhi's Electric Charge    Tloc/Air       10%        N/A       45%         3
 Manifold Assault         Tloc           9%         N/A       65%         4
 Confusing Touch          Hex            1%         N/A       67%         3
 Vampiric Draining        Necr           1%         2d6       67%         3
 Dispel Undead            Necr           1%         3d6       97%         4
 Agony                    Necr           1%         N/A       100%        5

Inventory:

Hand Weapons
 a - a +0 spear (weapon)
Missiles
 d - 7 boomerangs of dispersal (quivered)
Armour
 b - a +0 leather armour (worn)
Jewellery
 f - an amulet of reflection (around neck)
   (You found it on level 1 of the Dungeon)
Scrolls
 c - 3 scrolls of blinking
 g - 2 scrolls of identify {unknown}
 i - a scroll of fear {unknown}
 j - a scroll of silence {unknown}
 k - a scroll of noise {unknown}
 l - a scroll of teleportation {unknown}
 o - a scroll of amnesia {unknown}
Potions
 e - 2 potions of heal wounds {unknown}
 h - 5 potions of curing {unknown}
 m - a potion of brilliance {unknown}
 n - 2 potions of resistance {unknown}
 p - a potion of berserk rage {unknown}

Dungeon Overview and Level Annotations

Branches:
Dungeon (3/15)

Altars:
Okawaru

Annotations:
D:1 fly to explore
D:3 Sigmund

#.. #.# #.# #########
#######.# #~~~~~~~
.....##.## #~~#~#~#####.
.........# #.~.~~~~~....
####.##..####.....~....#
# #.##.........r......#
# #.###.#######@.#....#
# #.....†........# .###
# #####.#######.## .. #
#......# #.# ##
#.##.#.......# #
#g######### ....w...#
........# .....##.#


You could see a river rat.


Message History

Welcome, scionoferis the Naga Warper.
You feel drawn to the Orb of Zot, downwards into the unfathomable depths...
Press ? for a list of commands and other information.
Found a staircase leading out of the dungeon.
You enter the shallow water.
A kobold comes into view. It is wielding a +0 club.
You see here a clear potion.
e - a clear potion You reach to attack!
You hit the kobold.
You kill the kobold!
No target in view!
You see here a +0 club.
f - an amulet of reflection
There are no items here.
You start putting on your amulet.
You continue putting on your amulet of reflection. x5
You finish putting on your amulet of reflection.
You feel a shielding aura gather around you.
f - an amulet of reflection (around neck)
Found a stone staircase leading down.
A rat comes into view.
You reach to attack!
You barely miss the rat. You hit the rat.
You kill the rat!
No target in view!
A hobgoblin comes into view.
The hobgoblin shouts!
You hear an angry hiss.
A ball python comes into view.
You reach to attack!
You hit the hobgoblin.
The hobgoblin is moderately wounded.
You hit the hobgoblin.
The hobgoblin is severely wounded.
The hobgoblin hits you.
You hit the hobgoblin but do no damage.
The hobgoblin is severely wounded.
The hobgoblin hits you.
You hit the hobgoblin but do no damage.
The hobgoblin is severely wounded.
The hobgoblin hits you.
You are too injured to fight recklessly!
You are too injured to fight recklessly!
You hit the hobgoblin.
You kill the hobgoblin!
You closely miss the ball python. The ball python closely misses you.
The ball python bites you.
You hit the ball python.
The ball python is moderately wounded.
The ball python bites you.
You hit the ball python.
You kill the ball python!
You start resting.
A bat comes into view.
The bat moves out of view.
You start resting.
A bat is nearby!
You reach to attack!
You hit the bat.
The bat is moderately wounded.
The bat hits you but does no damage.
You reach to attack!
You hit the bat but do no damage.
The bat is moderately wounded.
You block the bat's attack.
You hit the bat.
The bat is severely wounded.
The bat hits you but does no damage.
You reach to attack!
You closely miss the bat.
The bat is severely wounded.
The bat barely misses you.
You reach to attack!
You closely miss the bat.
The bat is moderately wounded.
The bat hits you but does no damage.
You reach to attack!
You closely miss the bat.
The bat is moderately wounded.
The bat hits you.
You reach to attack!
You miss the bat. The bat hits you but does no damage.
You hit the bat.
You kill the bat!
No target in view!
You start resting.
HP restored.
c - 3 scrolls of blinking (gained 2)
g - a scroll labelled MIWIES POR KOD
h - a green potion A sourceless malevolence fills the Dungeon...
You fall into a shaft and drop 1 floor!
The shaft crumbles and collapses.
Found a stone staircase leading down.
A goblin comes into view. It is wielding a +0 dagger.
Found a ring mail.
A goblin comes into view. It is wielding a +0 club.
The goblin shouts!
You reach to attack!
You hit the goblin but do no damage. You hit the goblin.
You kill the goblin!
Your Stealth skill increases to level 1!
No target in view!
Things that are here:
a +0 club; a goblin corpse A hobgoblin comes into view.
The hobgoblin shouts!
You reach to attack!
You hit the hobgoblin.
The hobgoblin is almost dead.
You hit the hobgoblin but do no damage.
The hobgoblin is almost dead.
The hobgoblin hits you.
You hit the hobgoblin but do no damage.
The hobgoblin is almost dead.
The hobgoblin barely misses you.
You hit the hobgoblin but do no damage.
The hobgoblin is almost dead.
The hobgoblin hits you.
You barely miss the hobgoblin.
The hobgoblin is almost dead.
The hobgoblin hits you.
You closely miss the hobgoblin.
The hobgoblin is almost dead.
The hobgoblin hits you.
You are too injured to fight recklessly!
You are too injured to fight recklessly!
You barely miss the hobgoblin.
The hobgoblin is almost dead.
The hobgoblin hits you.
* * * LOW HITPOINT WARNING * * *
You hit the hobgoblin.
You kill the hobgoblin!
You have reached level 2!
You start resting.
HP restored.
As you open the door, it creaks loudly!
A ball python comes into view.
The ball python hisses angrily.
Found a ring mail.
You reach to attack!
You hit the ball python.
You kill the ball python!
No target in view!
No target in view!
There is an open door here.
i - a scroll labelled JYTOETHILO
Found a robe.
You pick up a book of Necromancy and begin reading...
You add the spells Necrotise, Vampiric Draining and Agony to your library.
Found a dagger.
Found an escape hatch in the ceiling.
Found a stone staircase leading up.
There is an escape hatch in the ceiling here.
There is a stone staircase leading up here.
You climb upwards.
The endoplasm quivers.
There is a stone staircase leading down here.
An endoplasm is nearby!
You hit the endoplasm.
You kill the endoplasm!
No target in view!
A ball python comes into view.
The ball python hisses angrily.
A ball python is nearby!
You reach to attack!
You hit the ball python.
You kill the ball python!
No target in view!
A rat comes into view.
Found 11 gold pieces.
The rat twitches its whiskers.
You reach to attack!
You hit the rat.
The rat is heavily wounded.
You hit the rat but do no damage. Your punch misses the rat.
The rat is heavily wounded.
The rat bites you.
You hit the rat.
You kill the rat!
No target in view!
HP restored.
You see here a rat corpse.
h - 2 green potions (gained 1)
j - a scroll labelled LAIQAY VANACK You now have 11 gold pieces.
g - 2 scrolls labelled MIWIES POR KOD (gained 1)
k - a scroll labelled SOMOIM BARAPT A bat comes into view.
You barely miss the bat. You block the bat's attack.
A kobold comes into view. It is wielding a +2 whip of flaming.
Found 2 green potions.
The bat hits you but does no damage. The bat hits you. x2
You closely miss the bat. The bat hits you but does no damage.
You block the bat's attack.
You miss the bat. The bat hits you but does no damage. The bat hits you.
The bat misses you.
You barely miss the bat. The bat hits you. You block the bat's attack.
You hit the bat.
You kill the bat!
The kobold closely misses you.
You see here a bat corpse.
You hit the kobold.
You kill the kobold!
No target in view!
Things that are here:
a +2 whip of flaming; a kobold corpse A giant cockroach comes into view.
You see here 2 green potions.
You reach to attack!
You hit the giant cockroach.
The giant cockroach is moderately wounded.
You block the giant cockroach's attack.
You completely miss the giant cockroach.
The giant cockroach is moderately wounded.
The giant cockroach bites you.
You hit the giant cockroach.
You kill the giant cockroach!
No target in view!
h - 4 green potions (gained 2)
A ball python comes into view.
A ball python is nearby!
You reach to attack!
The helpless ball python fails to defend itself.
You hit the ball python.
The ball python is heavily wounded.
You hit the ball python.
You kill the ball python!
No target in view!
You see here a ball python corpse.
A hobgoblin comes into view.
Found a clear potion.
The hobgoblin shouts!
You hear a shout! x3
A goblin comes into view. It is wielding a +0 dagger.
A hobgoblin comes into view.
You reach to attack!
You closely miss the hobgoblin. You hit the hobgoblin.
The hobgoblin is almost dead.
The hobgoblin hits you.
You barely miss the hobgoblin.
The hobgoblin is almost dead.
The hobgoblin hits you but does no damage.
You hit the hobgoblin.
You kill the hobgoblin!
You hit the goblin.
The goblin is severely wounded.
The goblin hits you with a +0 dagger.
You closely miss the goblin.
The goblin is severely wounded.
You block the goblin's attack.
You hit the goblin but do no damage.
The goblin is severely wounded.
The goblin hits you but does no damage.
You hit the goblin.
You kill the goblin!
You hit the hobgoblin.
The hobgoblin is severely wounded.
The hobgoblin hits you.
You hit the hobgoblin.
You kill the hobgoblin!
No target in view!
You start resting.
HP restored.
A kobold comes into view. It is wielding a +0 short sword.
The kobold moves out of view.
Items here: ) †††.
No target in view!
The kobold shouts!
You hit the kobold.
The kobold is severely wounded.
The kobold drinks a potion.
The kobold seems to speed up.
An endoplasm comes into view.
You closely miss the kobold.
The kobold is severely wounded.
The kobold hits you but does no damage. The kobold barely misses you.
The endoplasm quivers.
You hit the kobold but do no damage.
The kobold is severely wounded.
The kobold hits you with a +0 short sword.
You completely miss the kobold.
The kobold is severely wounded.
The kobold hits you with a +0 short sword. x2
You hit the kobold.
You kill the kobold!
You reach to attack!
You hit the endoplasm but do no damage. You hit the endoplasm.
You kill the endoplasm!
No target in view!
You start resting.
A giant cockroach comes into view.
You start resting.
HP restored.
l - a scroll labelled JORUSK EKUCS
Things that are here:
a +0 short sword; 3 stones
e - 2 clear potions (gained 1)
You pick up a book of Touch and begin reading...
You add the spells Kiss of Death, Confusing Touch and Dispel Undead to your library.
You now have 18 gold pieces (gained 7).
A giant cockroach is nearby!
You reach to attack!
You closely miss the giant cockroach. You hit the giant cockroach.
You punch the giant cockroach, but do no damage.
The giant cockroach is heavily wounded.
The giant cockroach bites you.
You hit the giant cockroach.
You kill the giant cockroach!
You have reached level 3!
Your experience leads to an increase in your attributes!
Increase (S)trength, (I)ntelligence, or (D)exterity?
You feel stronger. x2; Your skin feels tougher.
h - 5 green potions (gained 1)
You enter the shallow water.
Found a stone staircase leading down.
You enter the shallow water.
Items here: ) ÷÷÷.
You see here a +2 whip of flaming.
Partly explored, can't reach some places.
Annotate which branch? (. - D:1, ? - help, ! - show branch list) New annotation for D:1 (include '!' for warning): fly to explore You see here a +2 whip of flaming.
There is a stone staircase leading down here.
Search for what [? for help]? d:1 Unknown command.
You climb downwards.
There is a stone staircase leading up here.
Found a ring mail and a scale mail.
Found an iron altar of Okawaru.
You see here a +0 scale mail.
A ball python comes into view.
The ball python hisses angrily.
You hit the ball python.
The ball python is moderately wounded.
The ball python bites you.
You hit the ball python.
The ball python is severely wounded.
The ball python bites you.
You barely miss the ball python.
The ball python is severely wounded.
The ball python bites you but does no damage.
You hit the ball python.
You kill the ball python!
HP restored.
You see here a ball python corpse.
A worm comes into view.
A hobgoblin comes into view.
Aiming: Spit Poison (2% risk of failure)
Press: ? - help, Shift-Dir - straight line, f - worm
Aim: a worm (86% to hit)
The splash of poison hits the worm.
The worm is poisoned.
The worm is moderately wounded.
Unknown command.
You reach to attack!
You hit the worm.
The worm is heavily wounded.
You hit the worm.
The worm is heavily wounded.
You hit the worm but do no damage.
The worm is heavily wounded.
You have got your breath back.
The worm looks more healthy.
The worm closely misses you.
You hit the worm.
The worm is severely wounded.
You hit the worm.
The worm is almost dead.
The worm bites you!
You hit the worm.
You kill the worm!
No target in view!
A goblin comes into view. It is wielding a +0 rapier.
The goblin shouts!
You miss the goblin. The goblin hits you with a +0 rapier.
You hit the goblin.
The goblin is moderately wounded.
The goblin hits you but does no damage.
You barely miss the goblin.
The goblin is moderately wounded.
The goblin hits you with a +0 rapier.
You hit the goblin but do no damage.
The goblin is moderately wounded.
The goblin hits you but does no damage.
You hit the goblin.
The goblin is almost dead.
You block the goblin's attack.
You closely miss the goblin.
The goblin is almost dead.
The goblin closely misses you.
You barely miss the goblin.
The goblin is almost dead.
The goblin closely misses you.
You hit the goblin but do no damage.
The goblin is almost dead.
You hit the goblin.
You kill the goblin!
Your Stealth skill increases to level 2!
Found a club.
You see here a +0 club.
The hobgoblin shouts!
You reach to attack!
You hit the hobgoblin.
The hobgoblin is moderately wounded.
A bat comes into view.
You reach to attack!
You hit the hobgoblin.
The hobgoblin is almost dead.
You hit the hobgoblin.
You kill the hobgoblin!
You hit the bat.
You kill the bat!
No target in view!
No target in view!
A rat comes into view.
The rat misses you.
You closely miss the rat. The rat bites you but does no damage.
You hit the rat.
You kill the rat!
No target in view!
You now have 30 gold pieces (gained 12).
m - a black potion
Found a stone staircase leading down.
n - 2 lumpy sapphire potions
There is a fountain of clear blue water here.
A kobold comes into view. It is wielding a +0 short sword.
The kobold shouts!
A rat comes into view.
You reach to attack!
You hit the kobold.
The kobold is moderately wounded.
You closely miss the kobold.
The kobold is moderately wounded.
The kobold completely misses you.
You closely miss the kobold.
The kobold is moderately wounded.
The kobold hits you but does no damage.
You hit the kobold.
You kill the kobold!
Your Polearms skill increases to level 3!
You hit the rat.
You kill the rat!
No target in view!
A giant cockroach comes into view.
There is a fountain of clear blue water here.
You hit the giant cockroach.
The giant cockroach is moderately wounded.
The giant cockroach closely misses you.
You hit the giant cockroach.
The giant cockroach is almost dead.
The giant cockroach closely misses you.
You hit the giant cockroach but do no damage.
The giant cockroach is almost dead.
The giant cockroach barely misses you.
You hit the giant cockroach but do no damage.
The giant cockroach is almost dead.
The giant cockroach bites you. x2
You hit the giant cockroach but do no damage.
The giant cockroach is almost dead.
The giant cockroach bites you.
You closely miss the giant cockroach.
The giant cockroach is almost dead.
The giant cockroach bites you.
You hit the giant cockroach.
You kill the giant cockroach!
You see here a +0 short sword.
o - a scroll labelled GOMYDO JIXKOG You open the door.
Found an escape hatch in the floor.
There is an open door here.
You now have 33 gold pieces (gained 3).
You now have 46 gold pieces (gained 13).
Found a stone staircase leading up.
There is a stone staircase leading up here.
There is a dry fountain here.
There is a fountain of clear blue water here.
You see here a +0 short sword.
There is an open door here.
Found a stone staircase leading up.
Found a stone staircase leading down.
There is a stone staircase leading up here.
There is a stone staircase leading down here.
A kobold comes into view. It is wielding a +0 short sword.
The kobold shouts!
A bat comes into view.
You barely miss the bat. The bat hits you but does no damage.
The bat hits you. x2
You closely miss the bat. The bat hits you but does no damage.
You reach to attack!
You barely miss the bat. The bat closely misses you.
You block the bat's attack.
You hit the bat but do no damage. The bat hits you but does no damage.
You hit the bat.
You kill the bat!
You hit the kobold.
You kill the kobold!
Things that are here:
a +0 short sword; a bat corpse You open the door.
A goblin is nearby!
There is an open door here.
You block the goblin's attack.
You hit the goblin.
You kill the goblin!
No target in view!
You see here a +0 dagger.
Things that are here:
a +0 short sword; a bat corpse You open the door.
There is an open door here.
You now have 60 gold pieces (gained 14).
You open the door.
There is an open door here.
You now have 65 gold pieces (gained 5).
p - a red potion
Found a scale mail.
You see here a +0 scale mail.
Found 3 stones.
A quokka comes into view.
You closely miss the quokka. You block the quokka's attack.
You hit the quokka.
The quokka is moderately wounded.
The quokka bites you but does no damage.
You hit the quokka but do no damage.
The quokka is moderately wounded.
The quokka bites you.
You hit the quokka but do no damage.
The quokka is moderately wounded.
You block the quokka's attack.
You closely miss the quokka.
The quokka is moderately wounded.
The quokka bites you but does no damage.
The quokka bites you.
You hit the quokka.
You kill the quokka!
No target in view!
You open the door.
There is an open door here.
There is an open door here.
You open the door.
There is an open door here.
Done exploring.
Search for what [Enter for "d:1", or ? for help]? d:2 Unknown command.
There is a stone staircase leading down here.
You climb downwards.
You hear the sound of rushing water.
There is an entrance to a sewer on this level.
Hurry and find it before the portal rusts away!
There is a stone staircase leading up here.
Okay, then.
Unknown command.
Found a scroll labelled MIWIES POR KOD.
Found an escape hatch in the ceiling.
Found a stone staircase leading up.
You hear the slow rusting of a very distant drain.
Found a spear.
Found a stone staircase leading down.
Found 12 gold pieces.
Found 15 gold pieces.
You see here a +0 spear.
You now have 77 gold pieces (gained 12).
Found a book of Spatial Translocations.
Found 8 gold pieces.
You pick up a book of Spatial Translocations and begin reading...
You add the spell Momentum Strike to your library.
You now have 85 gold pieces (gained 8).
Found a green potion.
Found a ring mail.
You hear the slow rusting of a distant drain.
Unknown command.
Sigmund the Dreaded comes into view.
He is wielding a +3 vampiric scythe and wearing a +2 robe of willpower.
Press: ? - help, . - travel You can't see that place. [the floor.] Placed new exclusion.
Found 6 gold pieces.
Found 7 stones.
A rat comes into view.
A hobgoblin and an orc wizard come into view.
You reach to attack!
You hit the rat but do no damage.
You hear a shout! x2
You reach to attack!
You hit the rat but do no damage. You hit the rat.
You kill the rat!
You hit the hobgoblin but do no damage. The hobgoblin barely misses you.
You barely miss the hobgoblin. The hobgoblin barely misses you.
You hit the hobgoblin. Your punch misses the hobgoblin.
The hobgoblin is severely wounded.
The hobgoblin hits you.
You hit the hobgoblin.
You kill the hobgoblin!
No target in view!
You see here a rat corpse.
You hear the rusting of a very distant drain.
You see here a rat corpse.
Found 2 stones.
You hear the rusting of a distant drain.
Found a viscous emerald potion.
A hobgoblin comes into view.
A dart slug comes into view.
The hobgoblin shouts!
You reach to attack!
You hit the hobgoblin.
The hobgoblin is moderately wounded.
You closely miss the hobgoblin.
The hobgoblin is moderately wounded.
The hobgoblin hits you but does no damage.
You hit the hobgoblin.
The hobgoblin is almost dead.
The hobgoblin hits you.
You completely miss the hobgoblin.
The hobgoblin is almost dead.
The hobgoblin hits you but does no damage.
You hit the hobgoblin but do no damage.
The hobgoblin is almost dead.
The hobgoblin hits you.
You hit the hobgoblin.
You kill the hobgoblin!
No target in view!
Unknown command.
You hear the brisk rusting of a drain nearby.
A rat comes into view.
A river rat comes into view.
You closely miss the rat. You block the rat's attack.
You closely miss the rat. The rat closely misses you.
You hit the rat.
You kill the rat!
You reach to attack!
You closely miss the river rat.
You reach to attack!
You closely miss the river rat. You barely miss the river rat.
You block the river rat's attack.
You closely miss the river rat. You block the river rat's attack.
You hit the river rat.
The river rat is moderately wounded.
You block the river rat's attack.
You closely miss the river rat.
The river rat is moderately wounded.
The river rat barely misses you.
You hit the river rat but do no damage.
The river rat is moderately wounded.
The river rat bites you!
You hit the river rat.
The river rat is heavily wounded.
The river rat bites you.
You hit the river rat.
The river rat is severely wounded.
The river rat bites you.
You hit the river rat.
The river rat is severely wounded.
The river rat bites you!
* * * LOW HITPOINT WARNING * * *
You closely miss the river rat.
The river rat is severely wounded.
You block the river rat's attack.
You barely miss the river rat.
The river rat is severely wounded.
The river rat bites you.
* * * LOW HITPOINT WARNING * * *
You closely miss the river rat.
The river rat is severely wounded.
The river rat closely misses you.
You hit the river rat but do no damage.
The river rat is severely wounded.
The river rat bites you!
* * * LOW HITPOINT WARNING * * *
You hit the river rat. Your punch misses the river rat.
The river rat is severely wounded.
The river rat bites you.
You die...

Skill      XL: |  1  2  3 |
---------------+----------+-----
Stealth        | 1 2 |  2.4
Polearms       | 3 |  3.0
Fighting       | |  2.5
Throwing       | |  0.8
Armour         | |  0.7
Dodging        | |  1.5
Spellcasting   | |  2.0
Translocations | |  3.0

Action                     || total
---------------------------++-------
  Melee: Spear             ||   147
         Punch             ||     1
Ability: Spit Poison       ||     1
   Stab: Sleeping          ||     1
 Armour: Leather armour    ||    22
  Dodge: Dodged            ||    20
  Block: Other             ||    16

Levels and vault maps discovered:
D:1:      lemuel_arrival_river_bridge, layout_loops_ring, chequers_avenue,
          minmay_small_reverse_x
D:2:      layout_basic, basic_altar, grunt_decor_mini_mirrors
D:3:      layout_loops_ring, lightli_sewer_entry_pipes, uniq_sigmund

Notes
Turn   | Place    | Note
-------+----------+-------------------------------------------
     0 | D:1      | scionoferis the Naga Warper began the quest for the Orb.
     0 | D:1      | Reached XP level 1. HP: 19/19 MP: 3/3
   139 | D:1      | You fall into a shaft and drop 1 floor!
   200 | D:2      | Reached skill level 1 in Stealth
   221 | D:2      | Reached XP level 2. HP: 4/26 MP: 5/5
   874 | D:1      | Reached XP level 3. HP: 31/33 MP: 6/6
  1158 | D:2      | Found an iron altar of Okawaru.
  1252 | D:2      | Reached skill level 2 in Stealth
  1394 | D:2      | Reached skill level 3 in Polearms
  1906 | D:3      | Noticed Sigmund
  2034 | D:3      | HP: 1/33 [river rat (8)]
  2035 | D:3      | Slain by a river rat

Vanquished Creatures
  A worm (D:2)
  5 ball pythons (D:1 D:2)
  2 endoplasms (D:1)
  3 giant cockroaches (D:1 D:2)
  4 goblins (D:2 D:1)
  7 hobgoblins (D:1 D:2 D:3)
  A quokka (D:2)
  4 bats (D:1 D:2)
  5 kobolds (D:1 D:2)
  6 rats (D:1 D:2 D:3)
38 creatures vanquished.

Table legend: (Time is in decaauts)
 A = Elapsed time spent in this place.
 B = Non-inter-level travel time spent in this place.
 C = Inter-level travel time spent in this place.
 D = Time resting spent in this place.
 E = Time spent auto-exploring this place.
 F = Levels seen in this place.
 G = Mean time per level.
                   A        B        C        D        E       F      G
               +--------+--------+--------+--------+--------+-----+--------+
         Total |   2637 |   2471 |    166 |    168 |   1749 |   3 |  879.0 |
       Dungeon |   2637 |   2471 |    166 |    168 |   1749 |   3 |  879.0 |
               +--------+--------+--------+--------+--------+-----+--------+

Top non-repeatable levels by time:
     D:1: 1240 daAuts
     D:2: 1121 daAuts
     D:3: 276 daAuts

Table legend:
 A = Non-vault XP
 B = Vault XP
 C = Vault XP percentage of total XP
 D = Non-vault monster count
 E = Vault monster count
 F = Vault count percentage of total count
                 A         B        C        D         E       F
            +---------+---------+-------+---------+---------+-------
      Total |      54 |       9 |  14.3 |      33 |       5 |  13.2
            +---------+---------+-------+---------+---------+-------
        D:1 |      21 |       8 |  27.6 |      14 |       4 |  22.2
        D:2 |      28 |       0 |   0.0 |      16 |       0 |   0.0
        D:3 |       5 |       1 |  16.7 |       3 |       1 |  25.0
            +---------+---------+-------+---------+---------+-------
